Map: Terrenos sagrados

Players

MrFercho

  • Race: Terran Terran
  • Spawn Location: 12:00

tigro

  • Race: Terran Terran
  • Spawn Location: 12:00

IIIIIIIIIIID - Winner!

  • Race: Terran Terran
  • League: Gold
  • Spawn Location: 6:00

VOD

Have the link to the VOD?

Description

Time

  • Played on: Aug. 1, 2019, 11:16 p.m.
  • Length: 16:16
Show
View Real Time Build Order
Export as new Build Order

MrFercho Terran 

Build Orders:  

Get SALT Encoding   

  12  0:06  SCV  
  13  0:18  Supply Depot  
  13  0:25  SCV  
  14  0:37  SCV  
  14  0:41  Refinery  
  15  0:49  Barracks  
  15  0:51  SCV  
  16  1:10  SCV  
  17  1:22  SCV  
  18  1:34  SCV  
  19  1:46  Reaper, SCV  
  21  1:56  Refinery  
  20  2:18  Reaper  
  21  2:39  Engineering Bay  
  19  3:46  Marine  
  20  3:54  SCV  
  20  4:04  Marine  
  20  4:06  SCV  
  20  4:07  Terran Infantry Armor Level 1  
  21  4:16  Barracks  
  20  4:18  SCV  
  20  4:22  Marine  
  22  4:30  SCV  
  23  4:41  Barracks Tech Lab  
  23  4:49  Factory  
  23  5:15  Combat Shield  
  23  5:17  Barracks Tech Lab  
  23  5:27  Ghost Academy  
  23  5:35  Factory Tech Lab  
  23  5:48  Sensor Tower  
  23  6:06  Supply Depot  
  23  6:23  Terran Infantry Weapons Level 1  
  23  6:28  Marauder, SCV  
  26  6:33  Supply Depot  
  26  6:36  Armory  
  26  6:40  SCV  
  27  6:52  SCV, Widow Mine  
  30  6:56  Supply Depot  
  29  7:13  Siege Tank  
  32  7:19  Supply Depot  
  32  7:41  Supply Depot  
  32  7:45  Siege Tank  
  35  8:08  Ghost x2  
  39  8:13  Nuke  
  36  8:56  Personal Cloaking  
  36  9:14  Starport  
  36  9:41  Orbital Command  
  36  9:47  Terran Infantry Armor Level 2  
  36  9:51  Starport  
  36  10:02  Siege Tank  
  39  10:12  Starport Tech Lab  
  39  10:34  Siege Tank  
  42  11:06  Siege Tank  
  43  11:52  Starport Tech Lab  
  43  11:55  Medivac  
  45  12:25  Medivac  
  38  12:38  Raven  
  38  12:42  Ghost  
  42  13:01  Command Center  
  42  13:02  Viking  
  42  13:21  Banshee  
  45  13:32  Viking  
  43  13:52  Thor  
  49  14:05  Ghost  
Show
View Real Time Build Order
Export as new Build Order

tigro Terran 

Build Orders:  

Get SALT Encoding   

  12  0:04  SCV  
  13  0:18  Supply Depot  
  13  0:20  SCV  
  14  0:30  Refinery  
  14  0:39  Refinery  
  14  0:58  Barracks, SCV  
  15  1:11  SCV  
  16  1:24  SCV  
  17  1:41  SCV  
  18  1:48  Marine  
  19  2:01  Engineering Bay, SCV  
  20  2:06  Marine  
  21  2:13  SCV  
  22  2:23  Marine  
  23  2:32  Supply Depot  
  23  2:54  Marine  
  24  3:12  Marine  
  25  3:25  Terran Infantry Weapons Level 1  
  26  3:37  Command Center  
  26  3:38  Barracks Tech Lab  
  25  4:10  Combat Shield  
  25  4:15  Marauder  
  27  4:36  Reaper  
  28  4:41  Orbital Command  
  28  4:52  Bunker  
  28  5:08  Reaper  
  28  5:13  Factory  
  29  5:20  Terran Infantry Armor Level 1  
  29  5:40  Marauder  
  31  5:50  Stimpack  
  31  5:59  Missile Turret  
  31  6:01  Reaper  
  32  6:12  Factory Tech Lab  
  32  6:20  Missile Turret  
  32  6:30  Starport  
  32  6:31  SCV  
  33  6:33  Marine  
  33  6:38  Infernal Pre-Igniter  
  34  6:43  SCV  
  35  6:51  Marine  
  36  6:55  SCV  
  36  6:59  Armory  
  37  7:07  SCV  
  38  7:09  Marine  
  38  7:11  Refinery  
  38  7:13  Neosteel Armor  
  39  7:19  SCV  
  40  7:27  Marine  
  40  7:29  Starport Tech Lab  
  41  7:30  Concussive Shells  
  41  7:55  Fusion Core  
  41  7:57  Mag-Field Accelerator  
  41  8:01  Marine  
  42  8:08  Medivac  
  44  8:19  Marine  
  36  8:37  Marine  
  36  8:38  Medivac  
  32  8:54  Marine, Hi-Sec Auto Tracking  
  33  9:07  Raven  
  35  9:12  Marine  
  36  9:40  Command Center  
  36  9:42  Marauder  
  38  9:49  Planetary Fortress  
  38  9:50  Raven  
  28  10:03  Marauder  
  26  10:24  Marauder  
  23  10:46  Marauder  
  23  10:49  SCV  
  26  11:01  SCV  
  27  11:07  Marauder  
  29  11:21  SCV  
  30  11:28  Marine  
  30  11:29  Missile Turret  
  31  11:33  SCV  
  32  11:47  SCV  
  33  11:58  Armory  
  33  12:12  Siege Tank  
  36  12:45  Terran Vehicle Weapons Level 1  
  36  12:47  Siege Tank  
  36  12:48  Missile Turret  
  33  13:06  Viking  
  35  13:19  Siege Tank  
  38  13:45  Supply Depot  
  16  14:13  Marauder  
  11  14:34  Marauder  
  12  14:46  Missile Turret  
  10  15:13  Missile Turret  
Show
View Real Time Build Order
Export as new Build Order

IIIIIIIIIIID Terran - Winner!

Build Orders:  

Get SALT Encoding   

  12  0:09  SCV  
  13  0:18  Supply Depot  
  13  0:21  SCV  
  13  0:28  Refinery  
  14  0:36  SCV  
  15  0:47  Barracks  
  16  0:50  SCV  
  16  0:57  Refinery  
  16  1:02  SCV  
  17  1:14  SCV  
  18  1:28  SCV  
  19  1:35  Reaper  
  20  1:40  Orbital Command  
  20  1:53  Factory  
  20  2:04  Supply Depot  
  20  2:08  Reaper  
  21  2:12  SCV  
  22  2:26  SCV  
  23  2:43  Barracks Reactor  
  23  2:45  Hellion  
  23  2:46  Starport, SCV  
  26  2:53  Supply Depot  
  26  2:59  SCV  
  27  3:11  SCV  
  27  3:12  Factory Tech Lab  
  28  3:40  Command Center  
  28  3:41  Marine  
  28  3:42  Marine, Cyclone  
  28  3:43  Starport Tech Lab  
  28  3:46  SCV  
  34  3:48  Supply Depot  
  34  4:06  SCV  
  34  4:07  Marine x2  
  34  4:08  Raven  
  39  4:18  SCV, Cyclone  
  43  4:25  Marine x2  
  43  4:29  Supply Depot  
  43  4:31  SCV  
  46  4:44  SCV  
  47  4:50  Raven, Marine x2  
  51  4:54  Orbital Command  
  51  4:59  SCV  
  52  5:02  Siege Tank  
  55  5:11  SCV  
  56  5:17  Command Center  
  56  5:19  Marine  
  57  5:25  Refinery  
  57  5:29  SCV x2  
  57  5:32  Engineering Bay  
  57  5:46  SCV x2  
  59  5:52  Marine  
  59  5:54  Siege Tank  
  59  5:55  Starport Reactor  
  63  5:58  SCV x2  
  63  6:02  Terran Infantry Weapons Level 1, Refinery  
  65  6:06  Engineering Bay  
  65  6:10  Supply Depot, Marine, SCV x2  
  68  6:15  Barracks  
  68  6:16  Barracks  
  68  6:17  Stimpack  
  68  6:27  SCV x2  
  68  6:30  Supply Depot  
  68  6:32  Orbital Command  
  70  6:38  Terran Infantry Armor Level 1  
  70  6:39  SCV x2  
  72  6:45  Marine  
  72  6:47  Supply Depot  
  73  6:51  SCV, Siege Tank  
  73  6:52  SCV  
  78  6:59  Starport Reactor  
  78  7:06  SCV x3  
  81  7:08  Marine  
  81  7:09  Marine x2  
  81  7:13  Armory  
  84  7:16  Supply Depot  
  84  7:18  SCV x3  
  84  7:21  Marine  
  84  7:22  Marine  
  89  7:29  Barracks x2  
  89  7:33  Siege Tank  
  89  7:35  Marine x3  
  89  7:36  Medivac x2  
  99  7:40  SCV  
  99  7:41  SCV  
  101  7:47  Supply Depot  
  101  7:51  Marine x2  
  101  7:52  Marine  
  103  7:59  Combat Shield  
  103  8:01  SCV x3  
  103  8:03  Supply Depot  
  103  8:05  Refinery  
  106  8:06  Terran Vehicle Weapons Level 1  
  106  8:10  Marine  
  106  8:11  Marine x3  
  110  8:13  Medivac x2  
  114  8:26  SCV x3  
  117  8:38  SCV x3  
  117  8:40  Supply Depot  
  119  8:41  Command Center  
  119  8:47  Refinery  
  119  8:49  Supply Depot  
  119  8:50  Supply Depot, SCV  
  119  8:51  SCV x2  
  119  8:52  Marine x3  
  119  8:53  Barracks Reactor x2  
  125  8:59  Terran Infantry Weapons Level 2  
  125  9:00  Terran Infantry Armor Level 2  
  125  9:02  Marine x2, SCV, Siege Tank  
  130  9:04  Supply Depot  
  130  9:05  Supply Depot  
  131  9:10  Marine x2  
  133  9:18  Marine  
  133  9:19  Marine x2  
  133  9:22  Factory  
  136  9:28  Marine  
  136  9:29  Starport, Fusion Core  
  134  9:37  Medivac x2, Siege Tank  
  134  9:38  Marine x6  
  140  9:39  Marine x2  
  146  9:57  Orbital Command  
  146  9:59  Missile Turret  
  146  10:00  Supply Depot  
  146  10:02  Supply Depot  
  146  10:03  Missile Turret  
  146  10:07  Armory  
  145  10:20  Liberator x2  
  145  10:35  Marauder, Marine x5  
  149  10:36  Marine x2, Siege Tank  
  149  10:38  Starport Tech Lab  
  149  10:40  Factory Tech Lab  
  163  10:46  Missile Turret  
  163  10:53  Missile Turret x3  
  163  10:54  Missile Turret  
  163  10:55  Terran Vehicle Weapons Level 2  
  163  10:56  Liberator, Terran Vehicle And Ship Armor Level 1  
  163  10:59  Starport  
  163  11:01  Starport  
  163  11:05  Refinery  
  163  11:11  Marine x5  
  164  11:12  Siege Tank x2  
  164  11:15  Advanced Ballistics  
  177  11:21  Refinery  
  177  11:23  Missile Turret  
  177  11:25  Missile Turret  
  177  11:41  Liberator x2  
  177  11:44  Liberator  
  177  11:54  Marine x4  
  177  11:55  Marine x5  
  177  11:56  Terran Infantry Armor Level 3, Terran Infantry Weapons Level 3  
  195  12:07  Supply Depot  
  195  12:08  Missile Turret  
  195  12:09  Missile Turret  
  195  12:12  Marine  
  196  12:24  Missile Turret  
  196  12:28  Marine x2  
  198  12:38  Missile Turret  
  198  12:41  Missile Turret  
  198  12:55  Missile Turret  
  198  12:56  Missile Turret  
  198  12:57  Missile Turret x2  
  198  13:00  Missile Turret  
  198  13:05  Missile Turret  
  198  13:20  Terran Vehicle And Ship Armor Level 2  
  198  13:21  Terran Vehicle Weapons Level 3  
  198  13:23  Raven  
  198  13:27  Missile Turret x2  
  200  13:28  Missile Turret  
  200  13:29  Missile Turret x2  
  200  13:30  Missile Turret  
  196  13:48  Missile Turret  
  196  13:50  Missile Turret  
  196  13:51  Command Center  
  196  14:11  Missile Turret  
  196  14:13  Marine x4  
  200  14:31  Missile Turret  
  200  14:33  Hi-Sec Auto Tracking, Neosteel Armor  
  196  14:51  Missile Turret  
Tags
 
League
Gold
Race
Terran
Replay Pack
MrFercho
Add a new tag
Caveats
  • Supply blocks, unpowered buildings, or Contaminate may cause inaccurate times.
  • Supply counts are checked every 10 seconds.